 Dungeon Sprint DCSS version 0.30.1-11-g7821555f0a (webtiles) character file.

Game seed: 14701024052554051851

4974 Groucho the Unseen (level 10, -5/51 HPs)
             Began as a Spriggan Enchanter on Dec 23, 2023.
             Was a Priest of Dithmenos.
             Slain by a tentacle (12 damage)
             ... attached to a kraken
             ... in the Dungeon (Sprint II: "The Violet Keep of Menkaure").
             The game lasted 00:08:18 (399 turns).

Groucho the Unseen (Spriggan Enchanter)              Turns: 399, Time: 00:08:18

Health: -5/51      AC:  2    Str:  4    XL:     10   Next: 28%
Magic:  26/27      EV: 19    Int: 21    God:    Dithmenos [***...]
Gold:   447        SH:  0    Dex: 16    Spells: 9/34 levels left

rFire   . . .        a - +1 dagger
rCold   . . .        (no shield)
rNeg    . . .        b - +0 robe
rPois   .            (helmet restricted)
rElec   .            (no cloak)
rCorr   .            (gloves unavailable)
SInv    +            (boots unavailable)
Will    +....        (no amulet)
Stlth   ++++++++     f - ring of flight
HPRegen 0.28/turn    (no ring)
MPRegen 0.20/turn

%: no teleportation
@: flying, wreathed by umbra, very quick
A: very small, no large weapons, unfitting armour, see invisible, speed 3
a: Renounce Religion, Shadow Step


You were in the Dungeon.
You worshipped Dithmenos.
Dithmenos was most pleased with you.
You visited 1 branch You collected 1305 gold pieces.
You spent 858 gold pieces at shops.

Inventory:

Hand Weapons
 a - a +1 dagger (weapon)
Armour
 b - a +0 robe (worn)
Jewellery
 f - a ring of flight (left hand)
Wands
 j - a wand of flame (8)
Scrolls
 c - a scroll of silence {unknown}
 i - a scroll of blinking
Potions
 d - a potion of curing
 e - a potion of heal wounds
 g - a potion of magic
 h - a potion of berserk rage


   Skills:
 - Level 5.0 Fighting
 - Level 10.0 Short Blades
 - Level 5.0 Dodging
 - Level 15.0 Stealth
 + Level 12.9 Spellcasting
 * Level 7.9 Conjurations
 - Level 14.0 Hexes
 + Level 6.0 Fire Magic


You had 9 spell levels left.
You knew the following spells:

 Your Spells              Type           Power      Damage    Failure   Level
a - Ensorcelled Hibernat  Hex/Ice        84%        N/A       1%          2
b - Confusing Touch       Hex            64%        N/A       1%          3
c - Dazzling Flash        Conj/Hex       100%       N/A       1%          3
d - Fireball              Conj/Fire      21%        3d10      8%          5
e - Iskenderun's Battles  Conj           46%        2d10      5%          5
f - Orb of Destruction    Conj           23%        9d8       85%         7

Your spell library contained the following spells:

 Spells                   Type           Power      Damage    Failure   Level
 Tukima's Dance           Hex            64%        N/A       1%          3
 Conjure Ball Lightning   Conj/Air       15%        3x3d6     82%         6


Dungeon Overview and Level Annotations

Branches:
Dungeon (1/1)

Altars:
Cheibriados
Dithmenos
Elyvilon
Fedhas
Gozag
Hepliaklqana
Kikubaaqudgha
Makhleb
Nemelex Xobeh
Okawaru
Qazlal
Ru
Sif Muna
Trog
Uskayaw
Vehumet
Wu Jian
Xom
Yredelemnul
Zin
The Shining One
Jiyva
Lugonu

Shops:
D ==:!([[([[!=(?:

Annotations:
D exclusion: oklob plant


Innate Abilities, Weirdness & Mutations

You are very small and have problems with some larger weapons.
You are too small for most types of armour.
You have supernaturally acute eyesight. (SInv)
You cover ground extremely quickly. (Speed+++)


Message History

You finish memorising.
Spell assigned to 'f'.
Found a scroll labelled GOOHOJYZAD and a dark potion.
You flicker back into view.
Found ten items.
Found five items.
Found four items.
A kraken comes into view.
Casting: Ensorcelled Hibernation (safe; 1% risk of failure)
Confirm with . or Enter, or press ? or * to list all spells.
Aiming: Ensorcelled Hibernation (safe; 1% risk of failure)
Press: ? - help, Shift-Dir - straight line, f - kraken
Aim: a kraken (water, chance to affect: 32%)
The kraken easily resists.
Casting: Ensorcelled Hibernation (safe; 1% risk of failure)
Confirm with . or Enter, or press ? or * to list all spells.
Aiming: Ensorcelled Hibernation (safe; 1% risk of failure)
Press: ? - help, Shift-Dir - straight line, f/p - kraken
Aim: a kraken (water, chance to affect: 32%)
The kraken easily resists.
Tentacles burst out of the water! 2 tentacles come into view.
The tentacle closely misses you. The tentacle slaps you!!
Ouch! That really hurt!
You emit a cloud of dark smoke.
You start resting.
The water moccasin hisses angrily. x2
Magic restored.
Casting: Ensorcelled Hibernation (safe; 1% risk of failure)
Confirm with . or Enter, or press ? or * to list all spells.
Aiming: Ensorcelled Hibernation (safe; 1% risk of failure)
Press: ? - help, Shift-Dir - straight line, f/p - kraken
Aim: a kraken (water, chance to affect: 32%)
The kraken looks drowsy...
Tentacles burst out of the water! 2 tentacles come into view.
The tentacle slaps you but does no damage.
The tentacle slaps you!!
* * * LOW HITPOINT WARNING * * *
The tentacle slaps you!
You die...

..####.# ###†.'.###
|▓?![?$$!?▓▓
..#.†#^..####▓$)!(!?!!▓▓
..#####..##)#▓)$$!?$?"▓▓
#..#..'..#..#▓=)??$$$$▓▓
#..#.†#..#..#▓$?!!??($▓▓
'.§####^.##.#▓([[$?$($▓▓
#....###...##▓▓▓▓▓▓▓+▓▓▓▓+▓
#......§~~~~~~§~@w~~──wX≈≈▓
~~....§~#'########+###Vww≈▓
~§~~~§§~#.._.....#S§~##≈≈≈▓
~~~~§~.~#._._....#S~≈≈####▓
≈§§~~~~§#_._._...#§§§~§#
~§§≈≈~~~#._._._..#~~~§≈§
≈§§≈≈≈≈~#_._._._.#§~§§§§
§≈≈###≈≈#._._._._#~~§§≈S
#≈≈#_._._._.#~~≈


You could see a kraken, 3 tentacles and 2 water moccasins.

Vanquished Creatures
  A deep elf master archer (D)
  2 boulder beetles (D)
  A yaktaur (D)
  A hornet (D)
  5 polar bears (D)
  2 wyverns (D)
  Menkaure (D)
  2 redbacks (D)
  4 necrophages (D)
  4 scorpions (D)
  2 worms (D)
25 creatures vanquished.

Vanquished Creatures (others)
  A water moccasin (D)
  4 tentacles (D)
5 creatures vanquished.

Grand Total: 30 creatures vanquished

Notes
Turn   | Place    | Note
-------+----------+-------------------------------------------
     0 | D        | Groucho the Spriggan Enchanter began the quest for the Orb.
     0 | D        | Reached XP level 1. HP: 9/9 MP: 5/5
     3 | D        | Noticed a boulder beetle
     3 | D        | Noticed a boulder beetle
     6 | D        | Noticed a scorpion
     6 | D        | Noticed a scorpion
     6 | D        | Noticed a scorpion
     6 | D        | Noticed a scorpion
     9 | D        | Killed a scorpion
    10 | D        | Reached skill level 6 in Stealth
    10 | D        | Reached skill level 5 in Hexes
    10 | D        | Reached XP level 2. HP: 15/15 MP: 6/8
    10 | D        | Reached XP level 3. HP: 18/18 MP: 6/9
    10 | D        | Killed a scorpion
    11 | D        | Reached skill level 5 in Dodging
    11 | D        | Reached skill level 7 in Stealth
    11 | D        | Reached skill level 5 in Spellcasting
    11 | D        | Reached XP level 4. HP: 24/24 MP: 7/12
    13 | D        | Killed a scorpion
    14 | D        | Reached skill level 5 in Short Blades
    14 | D        | Reached skill level 9 in Stealth
    14 | D        | Reached XP level 5. HP: 30/30 MP: 7/13
    16 | D        | Reached skill level 5 in Fighting
    16 | D        | Reached skill level 11 in Stealth
    29 | D        | Reached skill level 12 in Stealth
    38 | D        | Reached skill level 13 in Stealth
    38 | D        | Reached XP level 6. HP: 35/35 MP: 8/14
    39 | D        | Reached skill level 15 in Stealth
    53 | D        | Learned a level 2 spell: Ensorcelled Hibernation
    70 | D        | Killed a boulder beetle
    71 | D        | Reached XP level 7. HP: 39/39 MP: 9/15
    71 | D        | Reached XP level 8. HP: 43/43 MP: 9/16
    74 | D        | Killed a boulder beetle
    75 | D        | Reached skill level 10 in Short Blades
    91 | D        | Learned a level 3 spell: Confusing Touch
    95 | D        | Learned a level 3 spell: Dazzling Flash
    95 | D        | Found Waor's Antique Weapon Shoppe.
    95 | D        | Found Wueskuoh's Magic Scroll Shoppe.
    95 | D        | Found Qidgh's Distillery.
    95 | D        | Found Edyqut's Jewellery Emporium.
    95 | D        | Found Radghouco's Armour Shoppe.
    95 | D        | Found Rijued Hala's Antique Armour Shoppe.
    96 | D        | Found Hotid's Antique Weapon Shoppe.
    97 | D        | Found Ykoinula's Antique Armour Shoppe.
    97 | D        | Found Hob Gysm's Book Emporium.
    97 | D        | Found Mosuc's Armour Emporium.
    97 | D        | Noticed Menkaure
    97 | D        | Noticed a great orb of eyes
   119 | D        | Killed Menkaure
   128 | D        | Found Wylainotz's Weapon Shoppe.
   128 | D        | Found Dewuopom's Distillery.
   128 | D        | Noticed an oklob plant
   129 | D        | Found Goheh's Jewellery Shoppe.
   129 | D        | Found Afo Jec's Jewellery Emporium.
   129 | D        | Found Weaf's Book Shoppe.
   185 | D        | Bought a book of the Spheres for 648 gold pieces
   191 | D        | Learned a level 5 spell: Fireball
   197 | D        | Learned a level 5 spell: Iskenderun's Battlesphere
   206 | D        | Noticed a flying skull
   206 | D        | Noticed a flying skull
   207 | D        | Noticed a fire dragon
   207 | D        | Noticed a flying skull
   207 | D        | Noticed a flying skull
   216 | D        | Bought a ring of flight for 210 gold pieces
   246 | D        | Found a stormy altar of Qazlal.
   247 | D        | Found a hazy altar of Hepliaklqana.
   248 | D        | Found a sacrificial altar of Ru.
   248 | D        | Found an ornate altar of the Wu Jian Council.
   248 | D        | Found a shimmering altar of Xom.
   251 | D        | Found a viscous altar of Jiyva.
   251 | D        | Found a shimmering blue altar of Sif Muna.
   252 | D        | Found a snail-covered altar of Cheibriados.
   252 | D        | Found an ancient bone altar of Kikubaaqudgha.
   252 | D        | Found a bloodstained altar of Trog.
   253 | D        | Found a shadowy altar of Dithmenos.
   253 | D        | Found a corrupted altar of Lugonu.
   254 | D        | Found a white marble altar of Elyvilon.
   254 | D        | Found a burning altar of Makhleb.
   255 | D        | Found a blossoming altar of Fedhas.
   257 | D        | Found an opulent altar of Gozag.
   257 | D        | Found a glowing golden altar of the Shining One.
   257 | D        | Found a basalt altar of Yredelemnul.
   257 | D        | Found a hide-covered altar of Uskayaw.
   257 | D        | Found a sparkling altar of Nemelex Xobeh.
   258 | D        | Found a glowing silver altar of Zin.
   258 | D        | Found a radiant altar of Vehumet.
   258 | D        | Found an iron altar of Okawaru.
   263 | D        | Became a worshipper of Dithmenos the Shadowed
   280 | D        | Reached skill level 10 in Spellcasting
   280 | D        | Reached skill level 1 in Conjurations
   280 | D        | Reached skill level 1 in Fire Magic
   280 | D        | Reached XP level 9. HP: 43/47 MP: 20/24
   290 | D        | Reached * piety under Dithmenos
   300 | D        | Noticed a deep elf master archer
   305 | D        | Killed a deep elf master archer
   306 | D        | Reached skill level 5 in Conjurations
   310 | D        | Noticed a polar bear
   310 | D        | Noticed a polar bear
   312 | D        | Killed a polar bear
   312 | D        | Reached ** piety under Dithmenos
   314 | D        | Killed a polar bear
   315 | D        | Reached XP level 10. HP: 51/51 MP: 24/27
   334 | D        | Reached skill level 5 in Fire Magic
   336 | D        | Reached *** piety under Dithmenos
   354 | D        | Learned a level 7 spell: Orb of Destruction
   360 | D        | Noticed a kraken
   399 | D        | Slain by a tentacle

Illustrated notes

Levels and vault maps discovered:
D:        the_violet_keep_of_menkaure [sprint2_stairs_cluster_1,
          sprint2_shoproom, sprint2_temple, sprint2_basic_supplies,
          sprint2_obstacle_7, sprint2_obstacle_4, sprint2_obstacle_3,
          sprint2_obstacle_1, sprint2_obstacle_2, sprint2_timed_cluster_1,
          sprint2_smallroom_cluster_1, sprint2_smallroom_final_cluster_1,
          sprint2_transparent_cluster_1, sprint2_second_timed_cluster_1,
          sprint2_sniper_area_1, sprint2_heavy_combat_area_1,
          sprint2_mutation_trap_area_1, sprint2_forest_area_1,
          sprint2_light_combat_area_1, sprint2_behind_water_1,
          sprint2_near_end_vault_1]

Skill      XL: |  1  2  3  4  5  6  7  8  9 10 |
---------------+-------------------------------+-----
Fighting       | 2 3 4 5 |  5.0
Short Blades   | 3 4 5 6 10 | 10.0
Dodging        | 4 5 |  5.0
Stealth        | 6 7 9 13 15 | 15.0
Spellcasting   | 4 5 10 12 | 12.9
Hexes          | 5 14 | 14.0
Conjurations   | 1 6 7 |  7.9
Fire Magic     | 1 4 6 |  6.0

Action                     |  1- 3 |  4- 6 |  7- 9 | 10-12 || total
---------------------------+-------+-------+-------+-------++-------
  Melee: Dagger            |     2 |     9 |    16 |     5 ||    32
   Cast: Ensorcelled Hiber |       |     8 |     3 |     3 ||    14
         Confusing Touch   |       |       |     1 |       ||     1
    Use: Potion            |     2 |     1 |     1 |       ||     4
   Stab: Sleeping          |     2 |     9 |     8 |     5 ||    24
         Confused          |       |       |     1 |       ||     1
 Armour: Robe              |       |       |       |     1 ||     1
  Dodge: Dodged            |       |       |     3 |     1 ||     4
